AoeStats
← tobinho_125

Arena

505930234Analyzed
3v3 RM · 20d ago on Sep 11, 2026· 65m 1s· 6 players
Game mode
Random Map
Map size
Normal (6 player)
Population
200
Speed
Normal
Resources
Standard
Victory
Conquest
Starting age
Dark Age
Ending age
Imperial Age
RankedLock teamsTeams togetherTeam positionsShared explorationLock speedFull tech treeHidden civsTurbo modeCheats
Victory
Defeat
🇸🇮 Bohemians · Slovenia
841
+16
🇸🇮 Persians · Slovenia
836
+17
🇸🇮 Goths · Slovenia
823
+17
🇩🇪 Goths · Germany
873
-18
🇩🇪 Turks · Germany
860
-17
🇵🇰 Hindustanis · Pakistan
809
-15
Loxpox
12:29 Feudal Age
13:34 Double-Bit Axe
13:44 Loom
13:58 Horse Collar
19:05 Castle Age
19:17 Wheelbarrow
22:34 Bow Saw
24:03 Hand Cart
29:16 Gold Mining
29:17 Stone Mining
29:36 Scale Barding Armor
29:42 Forging
29:55 Heavy Plow
30:38 Chain Barding Armor
34:42 Iron Casting
37:48 Imperial Age
37:49 Elite War Elephant
39:12 Plate Barding Armor
39:39 Blast Furnace
40:39 Scale Mail Armor
41:28 Pikeman
42:09 Squires
42:24 Halberdier
43:50 Arson
48:52 Conscription
Merjasec
10:58 Feudal Age
11:33 Double-Bit Axe
17:30 Castle Age
15:18 Horse Collar
21:03 Wheelbarrow
21:07 Bow Saw
22:33 Heavy Plow
23:52 Fletching
24:03 Padded Archer Armor
24:52 Hand Cart
26:01 Fervor
25:55 Squires
26:30 Town Watch
26:31 Loom
28:15 Wagenburg Tactics
28:36 Caravan
32:31 Imperial Age
30:20 Bodkin Arrow
33:01 Chemistry
32:21 Ballistics
31:57 Murder Holes
33:04 Town Patrol
34:38 Two-Man Saw
34:17 Conscription
34:16 Bracer
36:49 Elite Hussite Wagon
38:58 Leather Archer Armor
38:43 Scale Mail Armor
38:54 Forging
38:59 Scale Mail Armor
39:10 Forging
38:32 Houfnice
42:13 Husbandry
41:33 Cavalier
44:05 Scale Barding Armor
44:35 Iron Casting
47:23 Chain Barding Armor
48:04 Blast Furnace
48:27 Siege Engineers
52:08 Elite Skirmisher
54:15 Capped Ram
60:26 Ring Archer Armor
64:38 Light Cavalry
Larri with a Y
11:05 Feudal Age
15:29 Castle Age
13:59 Double-Bit Axe
22:56 Town Watch
24:11 Bow Saw
25:18 Forging
25:08 Scale Mail Armor
24:41 Man-at-Arms
25:41 Long Swordsman
26:24 Squires
27:07 Pikeman
29:14 Anarchy
30:53 Wheelbarrow
31:35 Iron Casting
31:00 Scale Mail Armor
31:53 Hand Cart
38:32 Imperial Age
36:03 Town Patrol
35:30 Elite Skirmisher
37:51 Scale Mail Armor
39:09 Two-Handed Swordsman
40:10 Perfusion
40:35 Conscription
40:41 Halberdier
44:10 Gold Mining
44:11 Stone Mining
45:03 Champion
49:28 Elite Huskarl
Cramgee
12:56 Feudal Age
18:35 Castle Age
16:41 Double-Bit Axe
23:04 Imperial Age
21:44 Bow Saw
21:17 Horse Collar
21:34 Fletching
28:58 Padded Archer Armor
29:25 Ballistics
30:47 Wheelbarrow
31:12 Bodkin Arrow
38:33 Hand Cart
39:22 Two-Man Saw
38:24 Heavy Plow
38:30 Bracer
38:46 Leather Archer Armor
38:32 Murder Holes
38:48 Fortified Wall
38:51 Masonry
53:01 Ring Archer Armor
53:18 Architecture
52:39 Heated Shot
52:30 Treadmill Crane
55:34 Artillery
55:59 Conscription
56:16 Hoardings
tobinho_125
0:46 Loom
11:38 Feudal Age
16:40 Castle Age
15:37 Double-Bit Axe
15:41 Horse Collar
17:09 Wheelbarrow
19:27 Scale Mail Armor
19:37 Forging
20:06 Town Watch
21:22 Pikeman
24:35 Hand Cart
25:55 Bow Saw
25:51 Man-at-Arms
26:43 Heavy Plow
27:37 Anarchy
29:05 Chain Mail Armor
28:52 Gold Mining
28:56 Stone Mining
31:10 Long Swordsman
31:51 Squires
32:48 Town Patrol
35:51 Imperial Age
35:14 Ballistics
34:50 Murder Holes
37:01 Iron Casting
36:36 Perfusion
36:57 Conscription
36:40 Two-Handed Swordsman
36:49 Elite Huskarl
37:50 Champion
39:59 Halberdier
51:25 Blast Furnace
52:07 Crop Rotation
52:40 Two-Man Saw
57:48 Light Cavalry
58:39 Bloodlines
58:40 Scale Barding Armor
Juicee
12:35 Feudal Age
13:08 Horse Collar
13:18 Double-Bit Axe
21:03 Castle Age
20:11 Forging
22:06 Heavy Plow
22:19 Bow Saw
23:30 Wheelbarrow
22:41 Town Watch
22:51 Stone Mining
22:53 Gold Mining
23:55 Bow Saw
26:26 Stone Shaft Mining
26:30 Gold Shaft Mining
28:11 Hand Cart
27:43 Loom
28:32 Murder Holes
29:37 Grand Trunk Road
32:39 Caravan
35:49 Imperial Age
34:17 Iron Casting
33:43 Fletching
34:17 Scale Mail Armor
36:43 Town Patrol
37:19 Bodkin Arrow
37:33 Scale Barding Armor
37:59 Husbandry
38:10 Bloodlines
39:31 Blast Furnace
38:43 Heavy Camel Rider
41:18 Chain Barding Armor
41:23 Conscription
40:38 Imperial Camel Rider
46:59 Light Cavalry
48:23 Thumb Ring
47:45 Elite Skirmisher
53:17 Padded Archer Armor
56:16 Squires
61:18 Bracer
62:32 Pikeman
62:58 Arson
64:35 Man-at-Arms
Connection lost

Rejoining the realm…

Still unreachable

The connection could not be restored.

Session expired

The server has moved on; the page needs a fresh start.